 Dungeon Crawl Stone Soup version 0.28-a0-8-g6e044cfa68 (webtiles) character file.

Game seed: 4348731956904401257

930 Gwenloh the Slasher (level 8, -3/63 HPs)
             Began as a Human Fighter on July 24, 2021.
             Was a Believer of Nemelex Xobeh.
             Slain by an ogre (29 damage)
             ... on level 5 of the Dungeon.
             The game lasted 00:16:07 (5148 turns).

Gwenloh the Slasher (Human Fighter)                 Turns: 5148, Time: 00:16:07

Health: -3/63      AC:  6    Str: 17    XL:     8   Next: 32%
Magic:  11/11      EV:  7    Int:  9    God:    Nemelex Xobeh [**....]
Gold:   74         SH:  9    Dex: 14    Spells: 7/7 levels left

rFire   . . .      SeeInvis .   a - +0 long sword
rCold   . . .      Faith    .   c - +0 kite shield
rNeg    . . .      Spirit   .   h - +0 scale mail
rPois   .          Reflect  .   (no helmet)
rElec   .          Harm     .   s - scarf {+Inv}
rCorr   .          Rampage  .   (no gloves)
Will    .....                   (no boots)
Stlth   ..........              n - amulet of magic regeneration
HPRegen 0.20/turn               (no ring)
MPRegen 0.37/turn               (no ring)

@: studying Fighting
A: no striking features
a: Renounce Religion, Evoke Invisibility, Draw Escape, Draw Destruction, Draw
Summoning


You were on level 5 of the Dungeon.
You worshipped Nemelex Xobeh.
Nemelex Xobeh was pleased with you.
You visited 2 branches of the dungeon, and saw 6 of its levels.

You collected 140 gold pieces.
You spent 66 gold pieces at shops.

Inventory:

Hand Weapons
 a - a +0 long sword (weapon)
 b - a +0 hunting sling
Missiles
 f - 35 sling bullets
 i - 41 bolts
 j - 83 stones
 m - 5 javelins (quivered)
Armour
 c - a +0 kite shield (worn)
 h - a +0 scale mail (worn)
 s - a scarf of invisibility (worn)
Jewellery
 k - a ring of flight
 n - an amulet of magic regeneration (around neck)
Scrolls
 e - 2 scrolls of magic mapping
 g - a scroll of identify
 u - a scroll of immolation {unknown}
Potions
 d - a potion of brilliance {unknown}
 l - a potion of attraction {unknown}
 o - 2 potions of flight
 p - 2 potions of mutation {unknown}
 q - a potion of lignification {unknown}
 r - a potion of curing {unknown}
 t - a potion of haste {unknown}


   Skills:
 + Level 5.4 Fighting
 * Level 7.0 Long Blades
 * Level 3.2 Armour
 * Level 3.2 Shields
 * Level 4.5 Invocations
 + Level 1.5 Evocations


You had 7 spell levels left.
You didn't know any spells.
Your spell library contained the following spells:

 Spells                   Type           Power      Damage    Failure   Level
 Passwall                 Tmut/Erth      0%         N/A       100%        2
 Swiftness                Air            0%         N/A       100%        3
 Invisibility             Hex            0%         N/A       100%        6


Dungeon Overview and Level Annotations

Branches:
Dungeon (5/15)             Temple (1/1) D:4

Altars:
Cheibriados
Dithmenos
Elyvilon
Gozag
Hepliaklqana
Makhleb
Nemelex Xobeh
Okawaru
Qazlal
Ru
Trog
Wu Jian
Zin

Shops:
D:1 =   D:3 ?   D:4 *


Message History

You see here a +3 leather armour.
Found a club.
f - 39 sling bullets (gained 1)
An orc comes into view. It is wielding a +0 short sword.
The orc shouts!
You see here 2 sling bullets.
An orc comes into view. It is wielding a +0 whip.
The orc shouts!
You hear a shout!
Found a ring mail.
b - a +0 hunting sling (weapon)
You shoot a sling bullet. The sling bullet hits the orc.
The orc is heavily wounded.
An orc priest comes into view. It is wielding a +0 dagger.
You shoot a sling bullet. The orc priest shouts!
The sling bullet hits the orc but does no damage.
The orc is heavily wounded.
An ogre comes into view. It is wielding a +0 giant club.
You shoot a sling bullet. The sling bullet hits the orc!
You kill the orc!
You shoot a sling bullet. The sling bullet barely misses the orc.
The sling bullet hits the ogre!
The ogre is moderately wounded.
The orc priest calls down the wrath of Beogh upon you.
Beogh smites you! The orc hits you but does no damage.
The orc priest miscasts a cantrip.
a - a +0 long sword (weapon)
The orc hits you with a +0 whip.
You hit the orc but do no damage. The orc hits you but does no damage.
The orc priest miscasts a cantrip.
You see here 2 sling bullets.
The orc priest mumbles some strange prayers to Beogh against you.
Beogh smites you!
The orc priest mumbles some strange prayers to Beogh against you.
Beogh smites you!
The orc priest looks braver for a moment.
You draw a card...
You have drawn the Pentagram.
The ogre hits you with a +0 giant club!!
You die...
Your body glows slightly and disappears.

........................##
..###).....#..............
...........#..............
...).......#######........
#.........................
).......................#.[..#
)..............h..4######....#
....###......###.....##.........
....# #......# #@O..[##.....#....
.............# #.o...##.....#.)..
##.####......###.....##..........
.#.# #......#........o....(.....
.#.. .......#...................
<#... .......#...........(......
##.. #..........()..#### ...#
##########........# ..##
#........#


You could see an ogre (ally target), an orc priest, an orc, a friendly ice devil
(summoned) and a friendly hell hound (summoned).

Vanquished Creatures
  An ice beast (D:4)
  A phantom (D:5)
  2 scorpions (D:4)
  A centaur zombie (D:3)
  A hound (D:5)
  2 orc priests
  Ijyb (D:4)
  3 iguanas
  Terence (D:3)
  Natasha (twice) (D:4)
  An orc wizard (D:3)
  A gnoll (D:2)
  5 adders
  2 worms
  2 dart slugs (D:1)
  11 orcs
  3 ball pythons
  5 endoplasms
  5 giant cockroaches
  7 goblins
  5 hobgoblins
  3 kobolds
  5 quokkas
  4 bats
  2 frilled lizards
  7 rats
83 creatures vanquished.

Vanquished Creatures (collateral kills)
  Sigmund (D:4)
  A bullfrog skeleton (D:4)
  Natasha (D:4)
  3 gnolls (D:2)
  A worm (D:2)
  A giant cockroach (D:4)
  A goblin (D:2)
  A quokka (D:2)
  A kobold (D:2)
11 creatures vanquished.

Grand Total: 94 creatures vanquished

Notes
Turn   | Place    | Note
-------+----------+-------------------------------------------
     0 | D:1      | Gwenloh the Human Fighter began the quest for the Orb.
     0 | D:1      | Reached XP level 1. HP: 18/18 MP: 1/1
   232 | D:1      | Reached XP level 2. HP: 24/24 MP: 2/2
   349 | D:1      | Reached skill level 3 in Long Blades
   504 | D:1      | Found Ynunumot's Jewellery Boutique.
   646 | D:1      | Reached XP level 3. HP: 29/29 MP: 3/3
   679 | D:1      | Found a faded altar of an unknown god.
   687 | D:1      | Became a worshipper of Nemelex Xobeh the Trickster
   687 | D:1      | Reached * piety under Nemelex Xobeh
   687 | D:1      | Received a gift from Nemelex Xobeh
  1129 | D:2      | Reached XP level 4. HP: 15/35 MP: 4/4
  1131 | D:2      | Reached skill level 1 in Invocations
  1142 | D:2      | Reached skill level 4 in Long Blades
  1404 | D:2      | Reached XP level 5. HP: 7/41 MP: 6/6
  2198 | D:3      | Found a shadowy altar of Dithmenos.
  2339 | D:3      | Reached skill level 5 in Long Blades
  2460 | D:3      | Found an opulent altar of Gozag.
  2496 | D:3      | Reached XP level 6. HP: 21/47 MP: 6/8
  2868 | D:3      | Found Uprumax's Magic Scroll Emporium.
  2873 | D:3      | Bought a scroll of identify for 22 gold pieces
  2873 | D:3      | Bought a scroll of identify for 22 gold pieces
  2873 | D:3      | Bought a scroll of identify for 22 gold pieces
  2874 | D:3      | Identified a scroll of acquirement
  2877 | D:3      | Acquired a manual of Fighting
  2879 | D:3      | Reached ** piety under Nemelex Xobeh
  2964 | D:3      | Noticed Terence
  2978 | D:3      | Killed Terence
  3138 | D:4      | Noticed Natasha
  3144 | D:4      | Killed Natasha
  3183 | D:4      | Noticed Sigmund
  3219 | D:4      | Killed Sigmund
  3220 | D:4      | Reached XP level 7. HP: 35/53 MP: 9/9
  3221 | D:4      | Noticed Natasha
  3226 | D:4      | Killed Natasha
  3227 | D:4      | Reached skill level 6 in Long Blades
  3341 | D:4      | Noticed Natasha
  3348 | D:4      | Killed Natasha
  3482 | D:4      | Found Celesul's General Store.
  3526 | D:4      | Noticed Ijyb
  3569 | D:4      | Killed Ijyb
  4071 | D:4      | Found a staircase to the Ecumenical Temple.
  4297 | Temple   | Entered the Ecumenical Temple
  4391 | D:4      | Received a gift from Nemelex Xobeh
  4625 | D:4      | Reached skill level 5 in Fighting
  4625 | D:4      | Reached skill level 1 in Evocations
  4625 | D:4      | Reached XP level 8. HP: 33/62 MP: 11/11
  4843 | D:5      | Entered Level 5 of the Dungeon
  4975 | D:5      | Reached skill level 7 in Long Blades
  5148 | D:5      | Slain by an ogre

Illustrated notes

Levels and vault maps discovered:
D:1:      shiori_arrival_maze, layout_basic, shapermc_ecumenical_altar_gd,
          serial_rivers, chequers_serial_rivers_small_a,
          chequers_serial_rivers_room_b, chequers_serial_rivers_micro_d,
          chequers_serial_rivers_large_a, chequers_serial_rivers_micro_e,
          chequers_serial_rivers_micro_d, serial_shops, nicolae_lakefront_shop
D:2:      layout_loops_ring, kennysheep_generic_room_14
D:3:      layout_basic, mainiacjoe_overflow_small_starburst,
          mainiacjoe_overflow_paths, serial_shops, shop, uniq_terence
D:4:      layout_rooms, minmay_temple_entry_steel_oval, serial_shops,
          kennysheep_mini, uniq_ijyb, uniq_natasha, uniq_sigmund
D:5:      layout_basic, ebering_ghost_inner_flame
Temple:   compressed_dpeg_circular_temple

Skill      XL: |  1  2  3  4  5  6  7  8 |
---------------+-------------------------+-----
Long Blades    | 3 4 5 6 7 |  7.0
Invocations    | 1 2 3 4 |  4.5
Fighting       | 5 |  5.4
Evocations     | 1 |  1.5
Armour         | |  3.2
Shields        | |  3.2

Action                   |  1- 3 |  4- 6 |  7- 9 || total
-------------------------+-------+-------+-------++-------
Melee: Long sword        |    63 |    82 |   116 ||   261
 Fire: Hunting sling     |     8 |    60 |    43 ||   111
Throw: Stone             |       |     2 |       ||     2
       Javelin           |       |       |     2 ||     2
Invok: Draw Destruction  |     1 |     4 |       ||     5
       Draw Summoning    |     1 |     1 |     1 ||     3
       Draw Escape       |       |     1 |       ||     1
  Use: Scroll            |       |     5 |       ||     5
       Potion            |       |     1 |     1 ||     2
Armor: Scale mail        |    25 |    39 |    36 ||   100
Dodge: Dodged            |    15 |    30 |    36 ||    81
Block: Kite shield       |    21 |    45 |    46 ||   112
       Rpst.: Long sword |     8 |    11 |    12 ||    31

Table legend: (Time is in decaauts)
 A = Elapsed time spent in this place.
 B = Non-inter-level travel time spent in this place.
 C = Inter-level travel time spent in this place.
 D = Time resting spent in this place.
 E = Time spent auto-exploring this place.
 F = Levels seen in this place.
 G = Mean time per level.
                   A        B        C        D        E       F      G
               +--------+--------+--------+--------+--------+-----+--------+
         Total |   5282 |   5221 |     61 |    481 |   3658 |   6 |  880.3 |
       Dungeon |   5195 |   5134 |     61 |    481 |   3581 |   5 | 1039.0 |
        Temple |     87 |     87 |      0 |      0 |     77 |   1 |   87.0 |
               +--------+--------+--------+--------+--------+-----+--------+

Top non-repeatable levels by time:
     D:4: 1637 daAuts
     D:2: 1239 daAuts
     D:1: 1006 daAuts
     D:3: 991 daAuts
     D:5: 319 daAuts
  Temple: 87 daAuts
